 Dungeon Crawl Stone Soup version 0.29-a0-378-gc08b2e8bf8 (webtiles) character file.

Game seed: 104194103903124240

61 Lekart the Skirmisher (level 3, 0/33 HPs)
             Began as a Draconian Chaos Knight on May 4, 2022.
             Was a Plaything of Xom.
             Slain by an adder (2 damage)
             ... on level 2 of the Dungeon.
             The game lasted 00:02:07 (1552 turns).

Lekart the Skirmisher (Draconian Chaos Knight)      Turns: 1552, Time: 00:02:08

Health: 0/33       AC:  7    Str: 14      XL:     3   Next: 83%
Magic:  3/3        EV: 12    Int: 12      God:    Xom [*.....]
Gold:   78         SH:  0    Dex: 11 (12) Spells: 2/2 levels left

rFire   . . .      SeeInvis .   a - +0 falchion (chaos)
rCold   . . .      Faith    .   (no shield)
rNeg    . . .      Spirit   .   (body armour unavailable)
rPois   .          Reflect  .   (helmet restricted)
rElec   .          Harm     .   (no cloak)
rCorr   .          Rampage  .   (no gloves)
Will    .....                   c - +1 pair of boots
Stlth   +.........              (no amulet)
HPRegen 0.11/turn               (no ring)
MPRegen 0.08/turn               (no ring)

@: lethally poisoned (0 -> -3)
A: AC +5, unfitting armour, cold-blooded
a: Renounce Religion


You were on level 2 of the Dungeon.
You worshipped Xom.
You were a special plaything of Xom.
You visited 1 branch of the dungeon, and saw 2 of its levels.

You collected 78 gold pieces.

Inventory:

Hand Weapons
 a - a +0 falchion of chaos (weapon)
Armour
 c - a +1 pair of boots (worn)
Scrolls
 e - a scroll of teleportation
 h - a scroll of identify
Potions
 d - 2 potions of flight {unknown}
 f - a potion of curing {unknown}
 g - 2 potions of lignification {unknown}
 i - a potion of brilliance {unknown}
 j - a potion of attraction {unknown}
Miscellaneous
 b - a piece from Xom's chessboard (15/15) (quivered)


   Skills:
 + Level 3.9 Fighting
 + Level 3.6 Long Blades
 + Level 3.0 Dodging


You had 2 spell levels left.
You didn't know any spells.
Your spell library contained the following spells:

 Spells                   Type           Power      Damage    Failure   Level
 Hailstorm                Conj/Ice       0%         3d3       97%         4
 Ice Form                 Ice/Tmut       0%         N/A       97%         4
 Simulacrum               Ice/Necr       0%         N/A       100%        6


Dungeon Overview and Level Annotations

Branches:
Dungeon (2/15)

Altars:
Xom

Annotations:
D:2 Terence


Innate Abilities, Weirdness & Mutations

Your plain brown scales are hard. (AC +5)
You cannot fit into any form of body armour.
You are cold-blooded and may be slowed by cold attacks.


Message History

* * * LOW HITPOINT WARNING * * *
Terence hits you from afar with a +1 trident of protection.
* * * LOW HITPOINT WARNING * * *
Xom's power touches on a nearby weapon.
The gnoll's +0 spear erupts in a glittering mayhem of colour. "Whee!"
Your surroundings suddenly seem different.
Your surroundings suddenly seem different.
A kobold and an adder come into view.
Found a stone staircase leading down.
Unknown command.
The helpless kobold fails to defend itself.
You hit the kobold.
You kill the kobold!
Found a stone staircase leading down.
The adder hisses angrily.
You start resting.
An adder is nearby!
You miss the adder. The adder bites you but does no damage.
You hit the adder.
You feel better.
The adder is heavily wounded.
The adder closely misses you. The adder misses you.
You hit the adder.
The adder is severely wounded.
The adder closely misses you. The adder bites you but does no damage.
You miss the adder. You tail-slap the adder.
The adder is almost dead.
The adder misses you.
You barely miss the adder.
The adder is almost dead.
The adder bites you.
* * * LOW HITPOINT WARNING * * *
You are lethally poisoned!
The adder poisons you!
You miss the adder.
The adder is almost dead.
* * * LOW HITPOINT WARNING * * *
You feel sick. The adder bites you.
You die... "It's all fun and games until someone loses an eye."

################
#......S.......#
#.##...#@>......
#...#.##..#.#
#.).#.. ...#
#...#........
.....#..._..
.S.#..#....?..
#>.#............
#..###..#.#..#.#
#. #..#.#..#.#


You could see an adder.

Vanquished Creatures
  2 gnolls (D:2)
  2 dart slugs (D:1)
  A bat (D:1)
  3 endoplasms
  4 goblins
  3 hobgoblins (D:1)
  7 jackals
  8 kobolds
  A quokka (D:2)
  2 ball pythons
  A frilled lizard (D:2)
  2 rats (D:1)
36 creatures vanquished.

Notes
Turn   | Place    | Note
-------+----------+-------------------------------------------
     0 | D:1      | Lekart the Draconian Chaos Knight began the quest for the
                  | Orb.
     0 | D:1      | Reached XP level 1. HP: 19/19 MP: 1/1
    49 | D:1      | Reached XP level 2. HP: 13/26 MP: 2/2
   178 | D:1      | XOM: silly message
   218 | D:1      | Found a faded altar of an unknown god.
   339 | D:1      | XOM: silly message
   527 | D:1      | XOM: divination: detect creatures
  1249 | D:2      | Found a shimmering altar of Xom.
  1292 | D:2      | Reached XP level 3. HP: 24/31 MP: 3/3
  1463 | D:2      | Noticed Terence
  1464 | D:2      | XOM: noise
  1498 | D:2      | Identified the +1 ring mail "Lostrimp" {rN+}
  1524 | D:2      | XOM: stat loss: -1 Dex (11/12)
  1532 | D:2      | XOM: chaos upgrade
  1538 | D:2      | XOM: 2-stop teleportation journey
  1552 | D:2      | Slain by an adder

Illustrated notes

Levels and vault maps discovered:
D:1:      lightli_arrival_statuegarden, layout_basic, basic_ecumenical_altar,
          serial_forest, infiniplex_forest_end_2, infiniplex_forest_straight_5,
          infiniplex_forest_end_2, infiniplex_forest_corner_2,
          infiniplex_forest_lined_2, infiniplex_forest_clump_small,
          infiniplex_forest_clump_tiny, infiniplex_forest_clump_double,
          chequers_jeans
D:2:      layout_loops_ring, basic_altar, uniq_terence

Skill      XL: |  1  2  3 |
---------------+----------+-----
Dodging        | 3 |  3.0
Fighting       | |  3.9
Long Blades    | |  3.6

Action                   || total
-------------------------++-------
Melee: Falchion          ||    90
       Tailslap          ||    13
       Punch             ||     2
Evoke: Piece from Xom's  ||     3
  Use: Scroll            ||     4
 Stab: Petrified         ||     2
       Paralysed         ||     1
       Sleeping          ||     2
Armor: Skin              ||    38
Dodge: Dodged            ||    89

Table legend: (Time is in decaauts)
 A = Elapsed time spent in this place.
 B = Non-inter-level travel time spent in this place.
 C = Inter-level travel time spent in this place.
 D = Time resting spent in this place.
 E = Time spent auto-exploring this place.
 F = Levels seen in this place.
 G = Mean time per level.
                   A        B        C        D        E       F      G
               +--------+--------+--------+--------+--------+-----+--------+
         Total |   1565 |   1545 |     20 |    169 |   1044 |   2 |  782.5 |
       Dungeon |   1565 |   1545 |     20 |    169 |   1044 |   2 |  782.5 |
               +--------+--------+--------+--------+--------+-----+--------+

Top non-repeatable levels by time:
     D:1: 1255 daAuts
     D:2: 310 daAuts
